AoeStats
← yt536390

Arabia

510096202Analyzed
1v1 RM · 4d ago on Sep 29, 2026· 30m 2s· 2 players
Game mode
Random Map
Map size
Tiny (2 player)
Population
200
Speed
Normal
Resources
Standard
Victory
Conquest
Starting age
Dark Age
Ending age
Imperial Age
RankedLock teamsTeams togetherTeam positionsShared explorationLock speedFull tech treeHidden civsTurbo modeCheats
Victory
Defeat
🇺🇸 Malay · United States
1856
+14
🇨🇳 Magyars · China
1823
-14
yt536390
5:34 Loom
8:22 Feudal Age
17:27 Double-Bit Axe
18:09 Fletching
23:01 Castle Age
22:55 Bloodlines
23:03 Light Cavalry
24:03 Scale Barding Armor
25:52 Chain Barding Armor
27:44 Elite Skirmisher
29:04 Bodkin Arrow
katzzlikemeowmix
7:59 Loom
11:26 Feudal Age
11:11 Horse Collar
11:17 Double-Bit Axe
22:37 Castle Age
22:04 Fletching
21:48 Crossbowman
22:40 Bodkin Arrow
23:54 Padded Archer Armor
24:11 Bow Saw
25:14 Ballistics
26:51 Thumb Ring
Connection lost

Rejoining the realm…

Still unreachable

The connection could not be restored.

Session expired

The server has moved on; the page needs a fresh start.